 Dungeon Crawl Stone Soup version 0.28.0-49-g6dfe1f597d (webtiles) character file.

Game seed: 10060670824993305933

8253 Exodus22XD the Spear-Bearer (level 11, 0/84 HPs)
             Began as a Demonspawn Gladiator on May 15, 2022.
             Was a Priest of Uskayaw.
             Slain by a shadow wraith (18 damage)
             ... on level 2 of the Abyss.
             The game lasted 00:19:05 (8603 turns).

Exodus22XD the Spear-Bearer (Demonspawn Gladiator)  Turns: 8603, Time: 00:19:09

Health: 0/84       AC: 19    Str: 21    XL:     11   Next: 7%
Magic:  16/16      EV: 10    Int:  4    God:    Uskayaw [***...]
Gold:   558        SH:  0    Dex: 16    Spells: 10/10 levels left

rFire   . . .      SeeInvis .   x - +2 halberd (elec)
rCold   . . .      Faith    .   (shield currently unavailable)
rNeg    . . .      Spirit   .   L - +1 chain mail of Sag Dos {rCorr Str+3 Int-5 Slay+2}
rPois   .          Reflect  .   (helmet restricted)
rElec   .          Harm     .   D - +2 cloak
rCorr   +          Rampage  .   I - +2 pair of gloves
Will    .....                   (no boots)
Stlth   ..........              f - amulet of regeneration
HPRegen 1.04/turn               E - ring of resist corrosion
MPRegen 0.15/turn               (no ring)

@: slowed, studying Staves, very slow
A: horns 1, thin metallic scales 1, demonic guardian 2, powered by death 1,
fangs 1, wild magic 1
a: Renounce Religion, Stomp, Line Pass


You were on level 2 of the Abyss.
You worshipped Uskayaw.
Uskayaw was noncommittal.
You visited 2 branches of the dungeon, and saw 11 of its levels.
You visited the Abyss 1 time.
You also visited: Ossuary and Bailey.

You collected 558 gold pieces.

Inventory:

Hand Weapons
 a - a +0 trident
 b - a +1 halberd of draining
 x - a +2 halberd of electrocution (weapon)
 G - a +4 battleaxe
 T - a +2 halberd of draining
Missiles
 d - 3 throwing nets (quivered)
Armour
 D - a +2 cloak (worn)
 I - a +2 pair of gloves (worn)
 L - the +1 chain mail of Sag Dos (worn) {rCorr Str+3 Int-5 Slay+2}
   (You found it on level 8 of the Dungeon)

   Str:       It affects your strength (+3).
   Int:       It affects your intelligence (-5).
   Slay:      It affects your accuracy & damage with ranged weapons and melee
   (+2).
   rCorr:     It protects you from acid and corrosion.
Jewellery
 f - an amulet of regeneration (around neck)
 n - a ring of wizardry
 E - a ring of resist corrosion (left hand)
 H - an amulet of guardian spirit
Wands
 o - a wand of flame (37)
 v - a wand of digging (4)
 y - a wand of mindburst (30)
 N - a wand of acid (9)
Scrolls
 e - 2 scrolls of silence {unknown}
 g - 3 scrolls of blinking
 i - a scroll of brand weapon
 j - a scroll of holy word
 k - 3 scrolls of teleportation
 p - 3 scrolls of enchant weapon {unknown}
 r - a scroll of noise {unknown}
 t - a scroll of magic mapping
 u - a scroll of immolation {unknown}
 C - a scroll of summoning
 F - 3 scrolls of enchant armour {unknown}
 J - a scroll of vulnerability
 K - 2 scrolls of fear {unknown}
 M - 2 scrolls of amnesia {unknown}
 O - 3 scrolls of fog {unknown}
 U - a scroll of torment {unknown}
Potions
 c - 7 potions of curing
 h - 6 potions of attraction
 l - 5 potions of brilliance {unknown}
 m - 5 potions of mutation
 q - 2 potions of magic {unknown}
 s - 2 potions of degeneration {unknown}
 w - 4 potions of heal wounds
 z - 4 potions of might {unknown}
 A - a potion of experience {unknown}
 B - 2 potions of ambrosia {unknown}
 P - 3 potions of resistance {unknown}
 Q - 2 potions of haste
 R - a potion of cancellation {unknown}
 S - 2 potions of invisibility {unknown}


   Skills:
 + Level 7.5 Fighting
 + Level 10.6 Polearms
 + Level 2.0 Throwing
 + Level 5.8 Armour
 + Level 4.5 Dodging
 + Level 4.5 Stealth
 * Level 7.8 Invocations
 + Level 0.8 Evocations


You had 10 spell levels left.
You didn't know any spells.
Your spell library contained the following spells:

 Spells                   Type           Power      Damage    Failure   Level
 Foxfire                  Conj/Fire      0%         2x1d4     99%         1
 Shock                    Conj/Air       0%         1d3       99%         1
 Poisonous Vapours        Pois/Air       0%         N/A       100%        2
 Scorch                   Fire           0%         2d5       100%        2
 Sublimation of Blood     Necr           0%         N/A       100%        2
 Wereblood                Tmut           0%         N/A       100%        2
 Swiftness                Air            0%         N/A       100%        3
 Airstrike                Air            0%         N/A       100%        4
 Malign Gateway           Summ/Tloc      0%         N/A       100%        7
 Summon Hydra             Summ           0%         N/A       100%        7
 Summon Horrible Things   Summ           0%         N/A       100%        8
 Fire Storm               Conj/Fire      0%         5d1       100%        9


Dungeon Overview and Level Annotations

Branches:
Dungeon (10/15)            Temple (1/1) D:5         Ossuary (visited)
 Bailey (visited)
   Lair: D:8-11         Orc: D:9-12

Altars:
Ashenzari
Hepliaklqana
Makhleb
Trog
Uskayaw

Shops:
D:2 (=*   D:4 *

Annotations:
D:7 Harold
D:10 Sonja


Innate Abilities, Weirdness & Mutations

You have a pair of small horns on your head.
You are partially covered in thin metallic scales. (AC +2)
A demonic guardian rushes to your aid.
You regenerate a little health from kills.
You have very sharp teeth.
Your spells are a little harder to cast, but a little more powerful.


Message History

Something hits you! Something drains your vigour!
You feel as though you will be slow longer.
The small abomination hits you but does no damage.
You puncture the small abomination! You headbutt the small abomination.
The small abomination is heavily damaged.
Something hits you but does no damage.
The small abomination barely misses you.
Something hits you!
You hit the small abomination but do no damage.
The small abomination is heavily damaged.
The small abomination hits you but does no damage.
Something hits you.
You slash the small abomination!
Lightning courses through the small abomination!
You destroy the small abomination!
That felt strangely unrewarding.
Something hits you. Something hits you. Something drains your vigour!
You feel as though you will be slow longer.
A small abomination comes into view.
Something hits you but does no damage. Something hits you.
Something drains your vigour!
You feel as though you will be slow longer.
Something hits you!
* * * LOW HITPOINT WARNING * * *
A demonic guardian appears!
Something completely misses you. What are your orders? t - Shout!
Orders for allies: a - Attack new target. r - Retreat! s - Stop attacking. g - Guard the area. f - Follow me.
Anything else - Cancel.
Gang up on whom?
Press: ? - help, Dir - move target, f - small abomination
Aim: a small abomination (ally target) Attack!
Something hits you but does no damage.
Your orange demon stings the small abomination.
Your orange demon hits the small abomination!
Something hits you!!
You die...

.# .. ..#.# ...#.....# .
##.# .. . # .## ...#
#.###.# ### ##.. .... .
. . ..##..# . .. #.# ..
#.....# ## #.#§#.#
#.....# §§ §#. #.....#
##.#.#.#.#######@....##.
. ..# ................
.#. .# #.............#..
.# #. ...#####4x##.#...
#. .#.#............# #.
# #. .#...#...#.......#
#.# #.#..#...#..####..
.# # # ..#####..# ..
.#.#.#.........#


You could see a small abomination (ally target) and a friendly orange demon
(summoned).

Vanquished Creatures
  A two-headed ogre (D:10)
  Pikel (D:5)
  An orc knight (Bailey)
  A troll (D:9)
  Prince Ribbit (D:6)
  A vampire (D:10)
  10 yaks
  Menkaure (D:5)
  A neqoxec (Abyss:2)
  A steam dragon (D:10)
  2 orc warriors
  3 small abominations (Abyss:2)
  3 sky beasts
  A black bear (D:7)
  2 necrophages
  3 centaurs
  An ogre (D:3)
  2 kobold brigands
  2 bullfrogs
  7 scorpions
  6 killer bees
  7 wights
  2 electric eels (D:9)
  A howler monkey (D:7)
  4 human zombies (Ossuary)
  2 centaur zombies
  A jelly (D:4)
  3 hounds
  6 orc priests
  2 gnoll shamans (D:9)
  2 bullfrog skeletons
  2 centaur skeletons
  3 iguanas
  8 orc wizards
  2 scorpion zombies (Ossuary)
  A hound skeleton (D:4)
  3 mummies (Ossuary)
  A howler monkey zombie (D:8)
  18 gnolls
  3 adders
  2 shadow imps (D:7)
  A white imp (D:6)
  A dart slug (D:5)
  37 orcs
  8 ball pythons
  3 endoplasms
  2 giant cockroaches (D:4)
  A gnoll zombie (Ossuary)
  8 hobgoblins
  19 kobolds
  2 quokkas
  9 bats
  6 frilled lizards
  8 goblins
  3 goblin zombies (Ossuary)
  A hobgoblin zombie (Ossuary)
  4 kobold zombies (Ossuary)
  3 orc zombies (Ossuary)
  4 rats
244 creatures vanquished.

Vanquished Creatures (collateral kills)
  A steam dragon (D:8)
  An orc warrior (D:8)
  A necrophage (D:4)
  Blork the orc (D:5)
  2 lemures (D:5)
  A bullfrog (D:7)
  A gnoll sergeant (D:7)
  A wight (D:6)
  A centaur zombie (Ossuary)
  An iguana (D:4)
  An orc wizard (D:4)
  A howler monkey zombie (D:9)
  2 gnolls (D:7)
  2 ufetubi (D:5)
  A worm (D:4)
  3 orcs
  A bat (D:2)
  A kobold (D:2)
23 creatures vanquished.

Vanquished Creatures (others)
  A kobold brigand (D:10)
  27 plants
28 creatures vanquished.

Grand Total: 295 creatures vanquished

Notes
Turn   | Place    | Note
-------+----------+-------------------------------------------
     0 | D:1      | Exodus22XD the Demonspawn Gladiator began the quest for the
                  | Orb.
     0 | D:1      | Reached XP level 1. HP: 16/16 MP: 1/1
   173 | D:1      | You fall into a shaft and drop 1 floor!
   202 | D:2      | Gained mutation: A weak demonic guardian rushes to your
                  | aid. [demonic ancestry]
   202 | D:2      | Reached XP level 2. HP: 18/22 MP: 2/2
   303 | D:2      | Reached skill level 3 in Polearms
   334 | D:2      | Reached XP level 3. HP: 27/27 MP: 3/3
   985 | D:2      | Found Zurheuh's Assorted Antiques.
  1077 | D:2      | Found a faded altar of an unknown god.
  1080 | D:2      | Found Luoni's Jewellery Boutique.
  1593 | D:2      | Found Boukil's Antique Weapon Boutique.
  1628 | D:3      | Gained mutation: You are partially covered in thin metallic
                  | scales. (AC +2) [demonic ancestry]
  1628 | D:3      | Reached XP level 4. HP: 33/33 MP: 4/4
  1754 | D:3      | Noticed an ogre
  1765 | D:3      | Killed an ogre
  1766 | D:3      | Reached skill level 4 in Polearms
  1766 | D:3      | Reached skill level 1 in Armour
  1766 | D:3      | Gained mutation: A demonic guardian rushes to your aid.
                  | [demonic ancestry]
  1766 | D:3      | Reached XP level 5. HP: 23/41 MP: 5/5
  2344 | D:4      | Noticed a necrophage
  2359 | D:4      | Killed a necrophage
  2360 | D:4      | Gained mutation: You have a pair of small horns on your
                  | head. [demonic ancestry]
  2360 | D:4      | Reached XP level 6. HP: 44/47 MP: 6/6
  2454 | D:4      | Reached skill level 5 in Polearms
  2599 | D:4      | Reached XP level 7. HP: 44/52 MP: 7/7
  2647 | D:4      | Reached skill level 1 in Stealth
  2879 | D:4      | Found Oguatipue's Assorted Antiques.
  3401 | D:5      | Entered Level 5 of the Dungeon
  3443 | D:5      | Reached skill level 6 in Polearms
  3655 | D:5      | Noticed Pikel
  3683 | D:5      | Killed Pikel
  3684 | D:5      | Reached XP level 8. HP: 28/61 MP: 8/8
  3737 | D:5      | Noticed Menkaure
  3740 | D:5      | Noticed Blork the orc
  3747 | D:5      | Killed Menkaure
  3748 | D:5      | Reached skill level 7 in Polearms
  3749 | D:5      | Killed Blork the orc
  3790 | D:5      | Reached skill level 5 in Fighting
  3830 | D:5      | Found a staircase to the Ecumenical Temple.
  3922 | Temple   | Entered the Ecumenical Temple
  3949 | Temple   | Became a worshipper of Uskayaw the Reveller
  4049 | D:5      | Reached * piety under Uskayaw
  4169 | D:6      | Reached ** piety under Uskayaw
  4218 | D:6      | Reached skill level 1 in Invocations
  4218 | D:6      | Reached *** piety under Uskayaw
  4466 | D:6      | Noticed Prince Ribbit
  4485 | D:6      | Reached XP level 9. HP: 63/68 MP: 9/11
  4491 | D:6      | Reached **** piety under Uskayaw
  4493 | D:6      | Reached skill level 8 in Polearms
  4500 | D:6      | Reached ***** piety under Uskayaw
  4513 | D:6      | Killed Prince Ribbit
  5180 | D:7      | Reached skill level 9 in Polearms
  5501 | D:7      | Reached skill level 5 in Invocations
  5687 | D:7      | Reached skill level 5 in Armour
  5692 | D:7      | Gained mutation: You regenerate a little health from kills.
                  | [demonic ancestry]
  5692 | D:7      | Reached XP level 10. HP: 53/76 MP: 13/13
  5735 | D:7      | Noticed Harold
  6128 | D:8      | Got the Tome of the Salamander
  6140 | D:8      | Identified the +1 chain mail of Sag Dos {rCorr Str+3 Int-5
                  | Slay+2}
  6372 | D:8      | Found a sand-covered staircase.
  6379 | Ossuary  | Entered an ossuary
  6954 | D:8      | Found a hazy altar of Hepliaklqana.
  7310 | D:9      | Found a flagged portal.
  7326 | Bailey   | Entered a bailey
  7524 | Bailey   | Noticed an orc knight
  7531 | Bailey   | Killed an orc knight
  7676 | D:9      | Reached skill level 10 in Polearms
  8262 | D:10     | Entered Level 10 of the Dungeon
  8361 | D:10     | Noticed Sonja
  8403 | D:10     | Noticed a two-headed ogre
  8419 | D:10     | Killed a two-headed ogre
  8420 | D:10     | Reached XP level 11. HP: 70/84 MP: 16/16
  8429 | D:10     | Cast into level 1 of the Abyss (Sonja)
  8453 | Abyss:2  | Gained mutation: You have very sharp teeth. [potion of
                  | mutation]
  8453 | Abyss:2  | Gained mutation: You have sharp toenails. [potion of
                  | mutation]
  8453 | Abyss:2  | Lost mutation: You have sharp toenails. [potion of
                  | mutation]
  8453 | Abyss:2  | Gained mutation: Your spells are a little harder to cast,
                  | but a little more powerful. [potion of mutation]
  8457 | Abyss:2  | Noticed a thrashing horror
  8458 | Abyss:2  | Noticed a thrashing horror
  8603 | Abyss:2  | Slain by a shadow wraith

Illustrated notes

Levels and vault maps discovered:
D:1:      dpeg_arrival_arbitrary_b, layout_loops_ring
D:2:      minmay_recursive_quarters, layout_rooms, serial_shops, shop,
          nicolae_shop_behind_doors, shop, serial_forest,
          infiniplex_forest_diagonal, infiniplex_forest_straight_3,
          infiniplex_forest_clump_diagonal, infiniplex_forest_lined_2,
          infiniplex_forest_straight_1, ebering_ecumenical_altar_abandoned,
          chequers_big_river
D:3:      layout_basic, hangedman_decor_push
D:4:      layout_loops_corners, serial_shops, nicolae_square_shop,
          minmay_misc_feat_iff, minmay_mini_jars
D:5:      layout_gridville, minmay_temple_entry_enclosed_plants,
          uniq_blork_the_orc, uniq_pikel, uniq_menkaure
D:6:      layout_loops_cross, uniq_prince_ribbit1
D:7:      black_bear_nest_1, layout_basic, corner_web_ring, uniq_harold
D:8:      layout_basic, nicolae_hepliaklqana_hippocampus,
          chequers_ossuary_entry_cave, serial_glass, glass_columns_a,
          glass_columns_a, minmay_strange_pillars, due_unseen_surprise,
          feat_on_display
D:9:      layout_irregular_city, serial_bayou, serial_bayou_pond_e,
          serial_bayou_pond_c, serial_bayou_shore_b, serial_bayou_lake_a,
          enter_bailey_6
D:10:     layout_gridville, grunt_ministairs_4, nicolae_elevator_lobby_plus,
          uniq_sonja
Temple:   mainiacjoe_temple_circle_huts
Abyss:2:  base: D:8, evilmike_abyss_exit_6

Skill      XL: |  1  2  3  4  5  6  7  8  9 10 |
---------------+-------------------------------+-----
Polearms       | 3 4 5 6 7 9 10 | 10.6
Throwing       | 2 |  2.0
Dodging        | 3 4 |  4.5
Fighting       | 3 4 5 6 7 |  7.5
Armour         | 1 2 3 4 5 |  5.8
Stealth        | 1 3 4 |  4.5
Invocations    | 2 5 7 |  7.8
Evocations     | |  0.8

Action                   |  1- 3 |  4- 6 |  7- 9 | 10-12 || total
-------------------------+-------+-------+-------+-------++-------
Melee: Trident           |   102 |    99 |   362 |   262 ||   825
       Punch             |       |     1 |     6 |     8 ||    15
       Headbutt          |       |     8 |    73 |    72 ||   153
       Halberd           |       |       |       |   158 ||   158
       Bite              |       |       |       |     1 ||     1
Invok: Stomp             |       |       |     1 |       ||     1
Evoke: Wand              |       |       |       |     4 ||     4
  Use: Scroll            |       |       |     1 |     8 ||     9
       Potion            |       |       |       |     5 ||     5
 Stab: Sleeping          |     1 |     1 |       |       ||     2
       Paralysed         |       |       |    14 |    16 ||    30
       Distracted        |       |       |     1 |       ||     1
Armor: Leather armour    |    18 |       |       |       ||    18
       Ring mail         |     5 |    24 |     2 |       ||    31
       Chain mail        |       |       |   174 |   270 ||   444
Dodge: Dodged            |    55 |    41 |   115 |   211 ||   422
